Map: Blackpink LE

Players

Elazer - Winner!

  • Race: Zerg Zerg
  • Spawn Location: 1:00

Nice

  • Race: Protoss Protoss
  • Spawn Location: 7:00

Event: WCS Leipzig 2018

VOD

Have the link to the VOD?

Description

Time

  • Played on: Jan. 27, 2018, 4:16 a.m.
  • Length: 9:11

All games in this series

Show
View Real Time Build Order
Export as new Build Order

Elazer Zerg - Winner!

Build Orders: Hatch First 

Get SALT Encoding   

  12  0:00  Drone  
  13  0:12  Overlord  
  13  0:17  Drone  
  14  0:30  Drone x2  
  16  0:48  Hatchery  
  15  0:51  Drone  
  15  0:54  Drone  
  17  0:58  Drone  
  18  1:10  Extractor  
  17  1:13  Spawning Pool  
  17  1:18  Drone  
  17  1:20  Drone  
  18  1:28  Drone  
  19  1:38  Drone  
  20  1:49  Overlord  
  20  1:59  Queen  
  20  2:00  Zergling x2, Queen  
  20  2:01  Zergling x2  
  26  2:10  Metabolic Boost  
  26  2:11  Drone x2  
  28  2:22  Drone x2  
  30  2:35  Drone  
  31  2:39  Hatchery  
  31  2:43  Queen  
  32  2:46  Drone  
  32  2:50  Overlord  
  33  2:52  Drone  
  33  2:55  Drone  
  33  2:57  Drone  
  36  3:10  Drone x2  
  38  3:13  Drone x3  
  38  3:17  Overlord  
  38  3:19  Queen  
  43  3:20  Drone  
  43  3:26  Overlord  
  44  3:36  Drone x2  
  44  3:39  Drone x3  
  44  3:41  Lair  
  49  3:49  Drone x2  
  49  3:50  Overlord  
  49  3:51  Drone  
  49  3:52  Drone x2  
  54  3:57  Extractor, Spore Crawler  
  54  4:02  Drone x2  
  52  4:07  Zergling x2, Spore Crawler  
  52  4:12  Extractor  
  52  4:13  Overlord  
  52  4:14  Zergling x6  
  53  4:23  Zergling x2, Overlord  
  54  4:24  Drone x2, Extractor  
  54  4:28  Drone  
  54  4:29  Drone  
  57  4:36  Drone x4  
  61  4:43  Drone, Hydralisk Den  
  61  4:46  Overlord  
  61  4:49  Drone  
  61  4:53  Overlord  
  61  4:54  Drone x2  
  61  4:55  Drone  
  63  5:01  Drone, Overlord  
  64  5:12  Muscular Augments  
  64  5:13  Hydralisk x4  
  71  5:19  Hydralisk x2  
  75  5:23  Hydralisk  
  75  5:28  Hydralisk x2  
  81  5:40  Hydralisk x2  
  85  5:44  Hydralisk  
  85  5:46  Zergling x8  
  85  5:47  Zergling x4  
  93  5:53  Hydralisk x2, Overlord  
  97  5:58  Hydralisk  
  97  6:02  Hydralisk  
  101  6:05  Zergling x6  
  101  6:07  Hydralisk  
  106  6:12  Zergling x2  
  106  6:13  Zergling x6  
  106  6:15  Hydralisk  
  111  6:22  Hydralisk, Overlord  
  113  6:34  Zergling x2  
  113  6:35  Overlord  
  114  6:45  Hydralisk x3  
  114  6:46  Hydralisk x3  
  117  6:55  Hydralisk  
  117  7:00  Zergling x6  
  117  7:01  Zergling x8  
  123  7:10  Zergling x12  
  129  7:17  Overlord x2  
  129  7:21  Overlord  
  125  7:37  Zergling x8  
  127  7:48  Zergling x20  
  118  7:52  Zergling x2  
  118  7:53  Zergling x4  
  105  8:12  Hydralisk  
  105  8:13  Hydralisk x7  
  105  8:17  Zergling x6  
Show
View Real Time Build Order
Export as new Build Order

Nice Protoss 

Build Orders: 1 Gate Expand, Oracle Opening, Phoenix Opening 

Get SALT Encoding   

  12  0:01  Probe  
  13  0:13  Probe  
  14  0:20  Pylon  
  14  0:25  Probe  
  15  0:38  Gateway  
  15  0:39  Probe (Chrono Boost)  
  16  0:48  Probe (Chrono Boost), Assimilator  
  17  0:54  Probe (Chrono Boost)  
  18  1:06  Probe (Chrono Boost)  
  19  1:13  Probe (Chrono Boost)  
  20  1:20  Probe  
  21  1:28  Nexus  
  21  1:37  Cybernetics Core  
  21  1:44  Assimilator  
  21  1:45  Probe  
  22  1:51  Pylon  
  22  1:57  Probe  
  23  2:09  Probe  
  23  2:12  Adept (Chrono Boost)  
  26  2:18  Stargate  
  26  2:22  Probe  
  27  2:27  Warp Gate  
  27  2:33  Adept  
  27  2:34  Probe  
  30  2:40  Probe  
  31  2:46  Probe  
  31  2:51  Pylon  
  32  2:52  Probe  
  32  2:58  Probe  
  34  3:02  Phoenix (Chrono Boost)  
  34  3:04  Probe  
  37  3:06  Adept  
  37  3:10  Probe  
  40  3:16  Probe  
  41  3:23  Gateway, Oracle (Chrono Boost)  
  41  3:27  Probe  
  45  3:37  Probe  
  45  3:39  Probe  
  47  3:42  Pylon  
  47  3:44  Twilight Council  
  47  3:49  Probe  
  47  3:51  Probe  
  47  3:53  Assimilator  
  49  4:01  Probe  
  50  4:03  Probe  
  50  4:08  Gateway  
  50  4:09  Gateway  
  47  4:13  Probe  
  47  4:14  Resonating Glaives (Chrono Boost)  
  47  4:15  Probe  
  49  4:24  Assimilator  
  49  4:25  Probe  
  49  4:26  Robotics Facility  
  49  4:27  Probe  
  51  4:32  Adept x2  
  51  4:36  Pylon  
  51  4:37  Probe  
  56  4:41  Pylon  
  56  4:57  Adept x2  
  56  5:10  Adept x2  
  64  5:16  Warp Prism (Chrono Boost)  
  64  5:18  Robotics Bay  
  62  5:26  Nexus  
  62  5:27  Pylon  
  62  5:34  Sentry x2  
  62  5:35  Sentry, Forge  
  68  5:42  Probe x2  
  70  5:44  Observer (Chrono Boost)  
  70  5:45  Pylon  
  71  5:54  Probe  
  72  6:02  Gateway  
  76  6:04  Gateway  
  76  6:06  Probe  
  76  6:12  Adept x3  
  76  6:13  Adept  
  76  6:14  Colossus (Chrono Boost)  
  86  6:19  Probe  
  86  6:20  Probe  
  88  6:33  Adept x3  
  88  6:35  Extended Thermal Lance (Chrono Boost)  
  88  6:39  Pylon  
  94  6:41  Pylon  
  94  6:57  Colossus (Chrono Boost)  
  92  7:01  Protoss Ground Weapons Level 1  
  92  7:02  Charge  
  92  7:03  Probe x3  
  95  7:12  Pylon  
  95  7:15  Probe x3  
  98  7:16  Gateway  
  98  7:17  Gateway  
  98  7:25  Adept x4  
  98  7:27  Probe  
  107  7:36  Adept x2  
  115  7:49  Adept x2  
  115  7:50  Adept x2  
  80  8:04  Adept x2  
  76  8:11  Adept x4  
  74  8:14  Adept  
  74  8:15  Adept  
Tags
 
Add a new tag
Caveats
  • Supply blocks, unpowered buildings, or Contaminate may cause inaccurate times.
  • Supply counts are checked every 10 seconds.